Map: Altitude LE

Players

Solar - Winner!

  • Race: Zerg Zerg
  • League: Master
  • Spawn Location: 7:00

trigger

  • Race: Protoss Protoss
  • League: Grandmaster
  • Spawn Location: 1:00

Event: HomeStory Cup XXIII

VOD

Have the link to the VOD?

Description

Time

  • Played on: June 30, 2023, 1:18 p.m.
  • Length: 11:59

All games in this series

Show
View Real Time Build Order
Export as new Build Order

Solar Zerg - Winner!

Build Orders: Hatch First, Lurkers, Roach Hydra 

Get SALT Encoding   

  12  0:00  Drone  
  13  0:07  Drone  
  14  0:17  Overlord  
  14  0:39  Drone  
  15  0:46  Hatchery  
  15  0:48  Drone  
  15  0:53  Drone  
  15  0:56  Drone  
  17  1:03  Drone  
  18  1:08  Extractor  
  17  1:16  Spawning Pool  
  16  1:20  Drone  
  16  1:24  Drone  
  18  1:33  Drone  
  19  1:44  Drone  
  20  1:54  Drone  
  20  1:58  Overlord  
  21  2:03  Queen  
  21  2:04  Queen  
  21  2:06  Zergling x2  
  26  2:09  Zergling x2  
  27  2:16  Drone  
  27  2:17  Metabolic Boost  
  27  2:20  Drone  
  29  2:29  Drone  
  30  2:30  Drone  
  31  2:43  Hatchery  
  30  2:47  Queen  
  32  2:51  Overlord  
  32  2:55  Drone  
  32  2:57  Drone  
  34  2:59  Drone  
  34  3:01  Drone  
  36  3:09  Queen  
  36  3:12  Drone x2  
  40  3:15  Drone  
  40  3:16  Drone  
  40  3:18  Drone  
  43  3:21  Overlord  
  43  3:25  Drone  
  44  3:33  Overlord  
  44  3:39  Queen  
  46  3:44  Drone  
  46  3:45  Drone x2  
  49  3:53  Drone  
  50  3:56  Queen  
  50  3:57  Drone  
  50  3:59  Overlord  
  50  4:01  Zergling x10  
  58  4:04  Spore Crawler  
  58  4:05  Spore Crawler  
  58  4:07  Queen  
  57  4:17  Drone x5  
  62  4:26  Drone x4  
  62  4:29  Drone  
  65  4:32  Overlord  
  65  4:34  Drone x3  
  68  4:40  Drone x2  
  68  4:44  Drone  
  69  4:46  Drone  
  70  4:55  Drone x2  
  70  4:56  Drone x3  
  70  4:59  Overlord, Hatchery  
  73  5:03  Lair  
  73  5:06  Drone x2  
  73  5:07  Drone  
  76  5:11  Roach Warren  
  76  5:13  Extractor, Drone  
  75  5:14  Extractor  
  75  5:17  Zergling x8  
  75  5:20  Zergling x2  
  75  5:21  Overlord  
  79  5:22  Drone  
  79  5:24  Spore Crawler  
  79  5:29  Drone x3  
  79  5:30  Overlord  
  79  5:34  Overlord  
  79  5:35  Extractor, Overlord  
  81  5:38  Overlord  
  81  5:39  Drone  
  81  5:41  Extractor  
  81  5:42  Extractor, Evolution Chamber  
  79  5:43  Drone x2  
  79  5:45  Drone x2  
  79  5:46  Drone  
  79  5:48  Drone  
  85  5:51  Drone  
  85  5:56  Drone  
  85  5:57  Drone  
  88  6:03  Overlord  
  88  6:04  Drone x3  
  88  6:09  Roach x4  
  99  6:11  Overseer  
  99  6:12  Drone x2  
  99  6:13  Drone  
  99  6:15  Glial Reconstitution  
  99  6:16  Zerg Missile Weapons Level 1  
  101  6:26  Overlord  
  101  6:27  Roach x5  
  101  6:29  Roach  
  101  6:32  Overlord  
  113  6:37  Overlord  
  113  6:39  Roach  
  121  6:40  Roach x3  
  121  6:47  Roach x2, Spore Crawler  
  117  6:51  Overlord  
  117  6:53  Roach x3  
  128  6:56  Roach x2  
  131  7:03  Drone  
  131  7:05  Infestation Pit  
  131  7:06  Drone  
  131  7:07  Hydralisk Den  
  132  7:08  Drone x6  
  132  7:10  Drone x4  
  132  7:14  Drone x3  
  132  7:15  Drone  
  143  7:23  Overlord  
  143  7:25  Drone x6  
  143  7:26  Drone  
  149  7:32  Extractor x2  
  149  7:33  Zergling x14  
  149  7:36  Drone  
  152  7:41  Overlord  
  152  7:42  Lurker Den  
  152  7:44  Hive  
  151  7:46  Drone  
  152  7:57  Roach x4, Zergling x2  
  159  8:00  Zergling x6  
  159  8:01  Hatchery  
  159  8:12  Drone x2  
  156  8:13  Overlord  
  156  8:15  Zerg Missile Weapons Level 2  
  156  8:16  Muscular Augments  
  149  8:28  Roach x10  
  149  8:29  Roach x4  
  159  8:36  Roach x2, Zergling x8  
  160  8:42  Roach  
  160  8:43  Roach x2  
  160  8:45  Zergling x2  
  167  8:49  Hydralisk  
  167  8:50  Hydralisk x3  
  175  8:56  Hydralisk x4  
  175  8:57  Hydralisk  
  175  9:00  Extractor x2  
  175  9:02  Overlord, Seismic Spines  
  183  9:19  Drone x3, Spore Crawler  
  183  9:20  Drone  
  183  9:22  Spine Crawler  
  185  9:25  Overseer  
  185  9:26  Lurker x9  
  185  9:27  Grooved Spines  
  185  9:31  Hydralisk x2, Drone  
  194  9:33  Nydus Network  
  197  9:38  Hydralisk  
  197  9:44  Spine Crawler  
  197  9:45  Drone  
  198  9:47  Drone x2, Spine Crawler  
  193  9:55  Hydralisk  
  193  9:56  Hydralisk x4  
  193  9:59  Adaptive Talons  
  198  10:12  Nydus Canal, Overseer  
  198  10:13  Zergling x10  
  197  10:20  Hydralisk x4, Zergling x2  
  197  10:21  Zergling x12  
  194  10:22  Lurker x7  
  194  10:25  Hydralisk x2  
  193  10:35  Zergling x18  
  199  10:37  Overlord x2  
  199  10:38  Overlord  
  199  10:39  Overlord  
  199  10:41  Overlord  
  195  10:43  Overlord  
  195  10:46  Overlord  
  195  10:48  Nydus Canal  
  183  10:59  Hydralisk x5  
  181  11:04  Lurker x6  
  181  11:05  Roach x2  
  181  11:06  Roach  
  197  11:11  Roach x3  
  197  11:14  Hydralisk  
  196  11:22  Hydralisk x3  
  198  11:30  Zergling x10  
  198  11:36  Roach x4  
Show
View Real Time Build Order
Export as new Build Order

trigger Protoss 

Build Orders: 1 Gate Expand, Oracle Opening 

Get SALT Encoding   

  12  0:00  Probe  
  13  0:13  Pylon  
  13  0:17  Probe (Chrono Boost)  
  14  0:26  Probe (Chrono Boost)  
  15  0:32  Probe (Chrono Boost)  
  16  0:39  Gateway  
  16  0:43  Probe  
  17  0:50  Assimilator  
  17  0:56  Probe  
  18  1:08  Probe  
  19  1:20  Probe  
  20  1:26  Nexus  
  20  1:37  Cybernetics Core  
  21  1:40  Probe  
  21  1:46  Assimilator  
  21  1:52  Probe  
  22  1:55  Pylon  
  22  2:04  Probe (Chrono Boost)  
  23  2:13  Adept  
  26  2:16  Probe (Chrono Boost)  
  26  2:24  Probe (Chrono Boost), Stargate  
  27  2:30  Probe (Chrono Boost)  
  27  2:33  Warp Gate  
  28  2:41  Probe (Chrono Boost)  
  28  2:42  Probe (Chrono Boost)  
  30  2:47  Adept  
  30  2:48  Probe (Chrono Boost)  
  30  2:49  Probe (Chrono Boost)  
  34  2:53  Probe (Chrono Boost)  
  34  2:58  Probe  
  36  3:05  Probe, Oracle (Chrono Boost)  
  37  3:10  Probe  
  41  3:13  Pylon  
  41  3:17  Probe  
  42  3:22  Probe  
  42  3:23  Gateway  
  43  3:29  Probe  
  43  3:32  Oracle (Chrono Boost)  
  45  3:34  Probe  
  48  3:41  Probe  
  48  3:46  Probe  
  48  3:48  Adept  
  52  3:54  Probe, Pylon  
  53  4:02  Nexus  
  53  4:08  Probe  
  54  4:12  Probe, Oracle  
  58  4:20  Probe, Assimilator  
  58  4:22  Pylon, Assimilator  
  58  4:24  Shield Battery  
  59  4:26  Probe  
  60  4:32  Probe  
  60  4:37  Twilight Council  
  60  4:38  Probe (Chrono Boost)  
  62  4:39  Forge  
  62  4:40  Adept  
  62  4:42  Adept  
  62  4:44  Probe (Chrono Boost)  
  64  4:50  Probe (Chrono Boost)  
  65  4:56  Probe (Chrono Boost)  
  65  4:59  Probe (Chrono Boost)  
  67  5:01  Probe (Chrono Boost)  
  67  5:04  Probe (Chrono Boost)  
  67  5:05  Gateway  
  69  5:07  Gateway  
  69  5:10  Stalker  
  69  5:11  Protoss Ground Weapons Level 1  
  69  5:14  Probe (Chrono Boost)  
  69  5:15  Probe (Chrono Boost)  
  69  5:18  Stalker  
  73  5:22  Probe (Chrono Boost)  
  73  5:25  Probe (Chrono Boost)  
  73  5:26  Probe (Chrono Boost)  
  73  5:27  Blink (Chrono Boost)  
  75  5:29  Probe (Chrono Boost)  
  75  5:30  Probe (Chrono Boost)  
  75  5:35  Probe  
  78  5:37  Stalker  
  78  5:42  Assimilator  
  80  5:44  Probe  
  80  5:45  Assimilator  
  80  5:46  Probe  
  80  5:49  Probe  
  83  5:50  Templar Archives  
  83  5:52  Stalker  
  83  5:55  Pylon  
  85  5:57  Pylon  
  85  6:02  Pylon  
  85  6:07  Psionic Storm  
  85  6:08  Forge  
  85  6:12  Pylon  
  85  6:13  Probe x3, Stalker  
  90  6:25  Probe x2  
  92  6:27  Gateway  
  92  6:28  Gateway  
  92  6:29  High Templar x2  
  92  6:30  Gateway  
  96  6:35  Gateway  
  96  6:36  Gateway  
  96  6:48  Stalker  
  96  6:49  Stalker  
  96  6:52  Shield Battery  
  100  6:55  Shield Battery  
  100  7:04  High Templar  
  100  7:07  Forge  
  102  7:12  Robotics Facility, Shield Battery  
  102  7:15  Pylon, Stalker x3, Photon Cannon  
  108  7:24  Stalker x2  
  108  7:25  Protoss Ground Armor Level 1 (Chrono Boost)  
  112  7:31  Protoss Ground Weapons Level 2 (Chrono Boost)  
  110  7:42  High Templar x2  
  110  7:45  Protoss Shields Level 1 (Chrono Boost)  
  110  7:50  Nexus  
  110  7:51  Pylon  
  110  7:52  Zealot  
  110  7:53  Zealot  
  112  8:04  Stalker x3  
  109  8:17  Stalker x4  
  115  8:20  Stalker x2  
  115  8:31  Archon  
  107  8:37  Stalker x2  
  107  8:38  Stalker  
  111  8:44  Stalker x4  
  119  8:50  Nexus  
  119  8:51  Pylon  
  119  8:54  Zealot x2  
  123  9:09  Warp Prism (Chrono Boost)  
  123  9:11  Stalker  
  123  9:15  Photon Cannon, Shield Battery  
  127  9:17  High Templar x3  
  127  9:18  Shield Battery  
  127  9:20  Photon Cannon  
  127  9:23  Protoss Ground Armor Level 2 (Chrono Boost)  
  127  9:24  Pylon  
  133  9:35  Pylon  
  133  9:37  Pylon  
  133  9:40  Charge (Chrono Boost)  
  129  9:55  Zealot  
  129  9:59  Immortal (Chrono Boost)  
  131  10:03  Probe  
  131  10:05  Stalker x2  
  131  10:06  Stalker x6  
  146  10:23  Oracle  
  144  10:33  Observer (Chrono Boost)  
  144  10:34  Zealot x9  
  125  11:06  Zealot  
  125  11:07  Zealot x4  
  131  11:11  Stalker x2  
  119  11:29  Zealot x3  
  79  11:50  Zealot x2  
  79  11:51  Zealot x3  
Tags
 
Add a new tag
Caveats
  • Supply blocks, unpowered buildings, or Contaminate may cause inaccurate times.
  • Supply counts are checked every 10 seconds.